 Dungeon Crawl Stone Soup version 0.31-a0-544-gceb718ecc6 (webtiles) character file.

Game seed: 1324057485568344812

82 Mickster the Chopper (level 4, -2/60 HPs)
             Began as a Hill Orc Berserker on Aug 16, 2023.
             Was a Believer of Trog.
             Slain by an ogre
             ... wielding a +0 giant spiked club
              (19 damage)
             ... on level 4 of the Dungeon.
             The game lasted 00:16:35 (2868 turns).

Mickster the Chopper (Hill Orc Berserker)           Turns: 2868, Time: 00:16:37

Health: -2/60      AC:  2    Str: 21    XL:     4   Next: 43%
Magic:  4/4        EV: 12    Int:  7    God:    Trog [**....]
Gold:   115        SH:  0    Dex: 10    Spells: 3/3 levels left

rFire   . . .        l - +0 war axe
rCold   . . .        (no shield)
rNeg    . . .        (no body armour)
rPois   .            r - +0 helmet
rElec   .            (no cloak)
rCorr   .            o - +0 pair of gloves
SInv    .            (no boots)
Will    +....        (no amulet) Stlth
                     h - ring of willpower
HPRegen 0.30/turn    (no ring)
MPRegen 0.09/turn

%: no passive effects
@: berserking, very quick
A: no striking features
a: Renounce Religion, Berserk, Trog's Hand


You were on level 4 of the Dungeon.
You worshipped Trog.
Trog was pleased with you.
You visited 1 branch of the dungeon, and saw 4 of its levels.

You collected 115 gold pieces.

Inventory:

Hand Weapons
 a - a +0 hand axe
 g - a +4 dagger
 l - a +0 war axe (weapon)
Missiles
 i - a throwing net
 j - 4 boomerangs
 n - 7 poisoned darts (quivered)
 q - 13 stones
Armour
 b - a +0 animal skin
 o - a +0 pair of gloves (worn)
 r - a +0 helmet (worn)
 t - a +0 ring mail
Jewellery
 f - a ring of magical power
 h - a ring of willpower (left hand)
Scrolls
 p - a scroll of identify
Potions
 c - a potion of brilliance {unknown}
 d - 2 potions of mutation {unknown}
 e - 2 potions of might {unknown}
 k - a potion of enlightenment {unknown}
 m - a potion of magic {unknown}
 s - a potion of cancellation {unknown}


   Skills:
 + Level 4.3 Fighting
 - Level 0.3 Short Blades
 * Level 5.6 Axes
 + Level 2.3 Armour
 + Level 1.9 Dodging
 + Level 0.3 Stealth


You had 3 spell levels left.
You didn't know any spells.
Your spell library was empty.

Dungeon Overview and Level Annotations

Branches:
Dungeon (4/15)
 Temple: D:4-7

Altars:
Fedhas


Message History

The adder is heavily wounded.
You feel sick. The adder misses you. x2
You miss the adder.
The adder is heavily wounded.
You feel sick. The adder closely misses you. The adder barely misses you.
You miss the adder.
The adder is heavily wounded.
You feel sick. The adder closely misses you.
An orc comes into view. It is wielding a +0 falchion.
An orc comes into view. It is wielding a +0 club.
You closely miss the adder.
The adder is heavily wounded.
You feel sick.
You are no longer poisoned.
The orc shouts!
The adder misses you.
An orc comes into view. It is wielding a +0 club.
The adder bites you.
A red film seems to cover your vision as you go berserk!
You feel yourself moving faster!
You feel mighty!
The orc shouts!
You hear a shout!
The adder barely misses you. The ogre misses you.
You slash the ogre!
The ogre is moderately wounded.
You barely miss the adder. The adder bites you.
The ogre hits you with a +0 giant spiked club!!
* * * LOW HITPOINT WARNING * * *
The adder completely misses you.
You barely miss the ogre.
The ogre is moderately wounded.
You hit the adder.
You kill the adder!
Trog accepts your kill.
You slash the ogre!
The ogre is almost dead.
You slash the orc!
You kill the orc!
Trog accepts your kill.
The ogre hits you with a +0 giant spiked club!!
You die...

.............
#......>...<##.......
#..........##........
..#....................
..#........#..?........
..........# #.........#
..........###........##
...........##..........
#..............@)o.....
###....)...###..O...#..
#..........# #.###o.#
#..###.....# ... ....
#. ##...#....... ... .
#....#.##..#.# ..
##........##.. .
..........##... ...
..#####........


You could see an ogre and 2 orcs.

Vanquished Creatures
  2 adders
  2 dart slugs
  2 orcs
  4 ball pythons
  8 endoplasms
  A giant cockroach (D:3)
  10 hobgoblins
  2 jackals (D:2)
  3 quokkas
  A frilled lizard (D:1)
  4 goblins
  5 kobolds
  9 rats
53 creatures vanquished.

Notes
Turn   | Place    | Note
-------+----------+-------------------------------------------
     0 | D:1      | Mickster the Hill Orc Berserker began the quest for the
                  | Orb.
     0 | D:1      | Reached XP level 1. HP: 19/19 MP: 1/1
    15 | D:1      | Found a faded altar of an unknown god.
   116 | D:1      | Reached XP level 2. HP: 15/27 MP: 2/2
   700 | D:1      | Reached skill level 5 in Axes
   700 | D:1      | Reached XP level 3. HP: 27/33 MP: 3/3
  1320 | D:2      | Reached ** piety under Trog
  2032 | D:3      | Reached XP level 4. HP: 31/40 MP: 4/4
  2465 | D:3      | Found a blossoming altar of Fedhas.
  2859 | D:4      | Noticed an ogre
  2868 | D:4      | Slain by an ogre

Illustrated notes

Levels and vault maps discovered:
D:1:      lightli_arrival_statuegarden, layout_loops_ring,
          shapermc_ecumenical_altar_acropolis
D:2:      layout_basic, serial_forest, infiniplex_forest_straight_2,
          infiniplex_forest_lined_2, infiniplex_forest_straight_1,
          infiniplex_forest_lined_4_way, infiniplex_forest_zigzag_1,
          infiniplex_forest_lined_ring, infiniplex_forest_join,
          serial_bayou_lake_a
D:3:      layout_basic, fedhas_altar_fruit_tree
D:4:      layout_cave_pools, minmay_temple_entry_glassed_door,
          ebering_ghost_reflecting_pool, uniq_menkaure, uniq_blork_the_orc

Skill      XL: |  1  2  3 |
---------------+----------+-----
Axes           | 5 |  5.6
Fighting       | 4 |  4.3
Short Blades   | |  0.3
Armour         | |  2.3
Dodging        | |  1.9
Stealth        | |  0.3

Action                     |  1- 3 |  4- 6 || total
---------------------------+-------+-------++-------
  Melee: Hand axe          |    74 |       ||    74
         Dagger            |    78 |       ||    78
         War axe           |    18 |    34 ||    52
 Invoke: Berserk           |       |     1 ||     1
    Use: Scroll            |     3 |     1 ||     4
   Stab: Sleeping          |     1 |       ||     1
 Armour: Animal skin       |    26 |     6 ||    32
  Dodge: Dodged            |    85 |    29 ||   114

Table legend: (Time is in decaauts)
 A = Elapsed time spent in this place.
 B = Non-inter-level travel time spent in this place.
 C = Inter-level travel time spent in this place.
 D = Time resting spent in this place.
 E = Time spent auto-exploring this place.
 F = Levels seen in this place.
 G = Mean time per level.
                   A        B        C        D        E       F      G
               +--------+--------+--------+--------+--------+-----+--------+
         Total |   2947 |   2933 |     14 |    146 |   1114 |   4 |  736.8 |
       Dungeon |   2947 |   2933 |     14 |    146 |   1114 |   4 |  736.8 |
               +--------+--------+--------+--------+--------+-----+--------+

Top non-repeatable levels by time:
     D:1: 1067 daAuts
     D:2: 1007 daAuts
     D:3: 839 daAuts
     D:4: 33 daAuts
